Map: Frost LE

Players

BloodOrchid

  • Race: Protoss Protoss
  • League: Silver
  • Spawn Location: 11:00

Fropez - Winner!

  • Race: Protoss Protoss
  • League: Silver
  • Spawn Location: 1:00

VOD

Have the link to the VOD?

Description

Time

  • Played on: July 4, 2016, 2:21 p.m.
  • Length: 19:37
Show
View Real Time Build Order
Export as new Build Order

BloodOrchid Protoss 

Build Orders:  

Get SALT Encoding   

  12  0:01  Probe (Chrono Boost)  
  13  0:12  Probe (Chrono Boost)  
  14  0:22  Probe (Chrono Boost)  
  15  0:34  Pylon  
  15  0:53  Pylon  
  15  0:58  Assimilator  
  15  1:04  Pylon  
  15  1:22  Forge  
  15  1:32  Pylon  
  15  1:55  Nexus  
  15  2:01  Photon Cannon  
  15  2:08  Photon Cannon  
  15  2:34  Photon Cannon  
  14  3:03  Probe (Chrono Boost)  
  15  3:08  Assimilator  
  15  3:12  Assimilator  
  15  3:13  Probe (Chrono Boost)  
  16  3:21  Gateway  
  16  3:24  Probe (Chrono Boost)  
  16  3:34  Probe (Chrono Boost)  
  16  3:37  Probe (Chrono Boost)  
  18  3:45  Probe (Chrono Boost)  
  18  3:47  Pylon, Probe (Chrono Boost)  
  21  3:55  Probe (Chrono Boost)  
  21  3:58  Probe (Chrono Boost)  
  22  4:06  Probe (Chrono Boost)  
  23  4:12  Cybernetics Core  
  23  4:16  Probe (Chrono Boost)  
  24  4:20  Probe (Chrono Boost)  
  25  4:28  Assimilator  
  25  4:30  Probe (Chrono Boost)  
  26  4:33  Assimilator  
  26  4:41  Probe (Chrono Boost)  
  26  4:44  Probe (Chrono Boost)  
  28  4:49  Warp Gate (Chrono Boost)  
  28  4:55  Probe  
  28  4:56  Probe  
  30  5:07  Probe x2 (Chrono Boost)  
  30  5:12  Photon Cannon  
  32  5:19  Probe (Chrono Boost), Mothership Core (Chrono Boost)  
  35  5:29  Stargate  
  35  5:31  Stargate  
  35  5:33  Pylon  
  35  5:39  Photon Cannon  
  35  5:42  Photon Cannon  
  35  5:46  Pylon  
  35  5:49  Probe (Chrono Boost)  
  36  6:00  Probe (Chrono Boost)  
  37  6:04  Nexus  
  37  6:09  Probe (Chrono Boost)  
  38  6:18  Void Ray  
  38  6:19  Probe  
  42  6:29  Probe  
  39  7:05  Void Ray (Chrono Boost)  
  39  7:07  Void Ray (Chrono Boost)  
  47  7:12  Assimilator  
  47  7:14  Assimilator  
  47  7:17  Probe  
  48  7:29  Probe  
  49  7:41  Probe  
  49  7:42  Probe  
  51  7:53  Probe  
  51  7:54  Void Ray (Chrono Boost)  
  51  7:55  Void Ray (Chrono Boost)  
  60  8:05  Stargate  
  60  8:06  Probe, Stargate  
  60  8:09  Pylon  
  61  8:18  Probe  
  62  8:26  Nexus  
  59  8:30  Probe  
  60  8:42  Probe  
  61  8:51  Void Ray (Chrono Boost)  
  61  8:53  Void Ray (Chrono Boost)  
  61  8:54  Probe  
  70  9:04  Pylon  
  70  9:09  Pylon  
  70  9:23  Void Ray (Chrono Boost)  
  74  9:26  Probe  
  75  9:33  Void Ray (Chrono Boost)  
  83  9:40  Void Ray (Chrono Boost)  
  53  11:06  Void Ray (Chrono Boost)  
  53  11:08  Void Ray (Chrono Boost)  
  53  11:10  Void Ray (Chrono Boost)  
  69  11:13  Void Ray (Chrono Boost)  
  69  11:24  Probe  
  70  11:36  Probe  
  71  11:40  Nexus  
  71  11:43  Nexus  
  26  13:07  Probe  
  27  13:18  Probe  
  24  13:28  Probe  
  25  13:39  Probe  
  26  13:44  Nexus  
  26  13:46  Probe  
  15  13:50  Probe  
  16  13:56  Probe  
  16  14:00  Probe  
  18  14:11  Probe  
  18  14:14  Nexus  
  19  14:21  Probe  
  20  14:28  Probe  
  20  14:29  Nexus  
  21  14:32  Probe  
  22  14:38  Probe  
  22  14:42  Probe  
  22  14:43  Assimilator  
  22  14:53  Assimilator  
  17  15:09  Nexus  
  16  15:16  Nexus  
  6  15:39  Probe  
  3  15:50  Probe  
  3  15:54  Nexus  
  4  16:00  Probe  
  5  16:10  Probe  
  5  16:11  Probe  
  5  16:21  Probe  
  6  16:31  Probe  
  3  16:50  Probe  
  4  17:22  Nexus  
  4  17:35  Nexus  
  3  18:14  Nexus  
  2  18:27  Pylon  
  2  18:44  Pylon  
  2  19:13  Pylon  
Show
View Real Time Build Order
Export as new Build Order

Fropez Protoss - Winner!

Build Orders:  

Get SALT Encoding   

  12  0:01  Probe (Chrono Boost)  
  13  0:19  Pylon  
  13  0:25  Probe (Chrono Boost)  
  14  0:37  Gateway  
  14  0:43  Probe (Chrono Boost), Assimilator  
  15  0:53  Probe (Chrono Boost)  
  17  1:04  Probe (Chrono Boost)  
  17  1:13  Gateway  
  17  1:15  Probe (Chrono Boost)  
  18  1:30  Cybernetics Core  
  18  1:34  Zealot (Chrono Boost)  
  20  1:47  Forge  
  20  1:58  Probe  
  23  2:01  Zealot (Chrono Boost)  
  23  2:06  Warp Gate (Chrono Boost)  
  23  2:22  Photon Cannon  
  23  2:48  Pylon, Probe  
  23  3:01  Pylon  
  23  3:02  Photon Cannon  
  22  3:09  Mothership Core  
  23  3:14  Pylon  
  23  3:21  Photon Cannon  
  23  3:24  Pylon  
  23  3:30  Probe  
  24  3:35  Protoss Ground Weapons Level 1 (Chrono Boost)  
  24  3:37  Zealot  
  26  3:54  Gateway  
  26  3:57  Gateway  
  26  3:59  Probe  
  27  4:28  Nexus  
  27  4:50  Gateway  
  27  4:53  Photon Cannon  
  27  4:56  Pylon  
  27  4:57  Probe  
  28  5:18  Twilight Council  
  28  5:22  Probe  
  29  5:29  Sentry x3  
  35  5:39  Probe  
  35  5:41  Probe  
  37  5:56  Gateway  
  37  5:57  Pylon  
  37  5:59  Probe x2  
  37  6:04  Assimilator x2  
  39  6:05  Assimilator  
  39  6:11  Probe  
  39  6:18  Probe  
  41  6:28  Blink (Chrono Boost)  
  41  6:35  Probe x2  
  43  6:45  Probe  
  44  7:03  Probe  
  44  7:04  Probe  
  44  7:05  Protoss Ground Weapons Level 2 (Chrono Boost)  
  44  7:06  Pylon  
  46  7:14  Probe  
  46  7:15  Stalker x2  
  46  7:16  Stalker x2  
  55  7:23  Pylon  
  55  7:33  Pylon  
  55  7:34  Pylon  
  55  7:36  Probe  
  56  7:48  Pylon  
  56  7:56  Stalker  
  58  7:59  Robotics Facility  
  58  8:00  Pylon  
  58  8:01  Zealot  
  58  8:03  Probe  
  58  8:04  Probe  
  62  8:14  Stalker  
  64  8:35  Stalker x4  
  64  8:39  Probe  
  64  8:40  Probe  
  74  8:51  Probe  
  74  8:52  Observer (Chrono Boost), Probe  
  76  9:03  Probe  
  76  9:04  Probe  
  78  9:11  Warp Prism (Chrono Boost)  
  80  9:27  Gateway  
  80  9:29  Pylon  
  80  9:31  Gateway  
  80  9:40  Pylon  
  80  9:51  Nexus  
  80  9:52  Pylon  
  80  9:58  Photon Cannon  
  79  10:08  Stalker x4  
  79  10:09  Stalker  
  79  10:34  Stalker x3  
  79  10:35  Stalker  
  65  11:10  Stalker x6  
  77  11:37  Nexus, Probe  
  77  11:39  Probe  
  79  11:41  Assimilator  
  79  11:43  Assimilator  
  79  11:52  Pylon  
  79  11:57  Photon Cannon  
  79  12:00  Pylon  
  79  12:07  Pylon  
  61  12:27  Protoss Ground Weapons Level 3  
  61  12:44  Stalker  
  61  12:45  Stalker x2  
  61  12:46  Stalker x4  
  73  13:11  Stalker x4  
  73  13:12  Stalker x3  
  87  13:19  Probe  
  87  13:20  Probe  
  87  13:21  Mothership Core  
  89  13:34  Probe  
  89  13:35  Probe  
  91  13:51  Stalker x2  
  91  13:52  Stalker x3  
  101  14:00  Robotics Facility  
  101  14:02  Pylon  
  101  14:09  Probe  
  101  14:10  Probe  
  101  14:11  Probe  
  104  14:19  Stalker x2  
  108  14:31  Pylon  
  108  14:32  Stalker x3  
  108  14:37  Pylon  
  114  14:49  Protoss Ground Armor Level 1  
  114  15:04  Observer (Chrono Boost)  
  115  15:07  Stalker x5  
  125  15:19  Stalker x2  
  129  15:27  Warp Prism (Chrono Boost)  
  129  15:55  Stalker x4  
  129  15:56  Stalker x3  
  143  16:01  Gateway  
  143  16:06  Gateway  
  143  16:24  Stalker x3  
  143  16:25  Stalker  
  151  17:00  Stargate  
  151  17:02  Stargate  
  151  17:04  Gateway  
  151  17:09  Gateway  
  151  17:10  Gateway  
  151  17:18  Nexus  
  151  17:32  Pylon  
  151  17:34  Assimilator  
  151  17:38  Assimilator  
  151  18:17  Stalker  
  151  18:18  Stalker x5  
  151  18:19  Stalker  
  165  18:30  Phoenix x2  
  170  18:34  Observer (Chrono Boost)  
  170  18:46  Probe  
  171  18:53  Observer (Chrono Boost)  
  172  19:04  Stalker x4  
  180  19:11  Observer (Chrono Boost)  
Tags
 
Matchup
PvP
Replay Pack
All Mines
Spawn Locations
Close Positions
Add a new tag
Caveats
  • Supply blocks, unpowered buildings, or Contaminate may cause inaccurate times.
  • Supply counts are checked every 10 seconds.